 Dungeon Crawl Stone Soup version 0.31-a0-188-g5e087ee2ca (webtiles) character file.

Game seed: 11332339035278840080

835 qw the Skirmisher (level 7, -1/40 HPs)
             Began as a Deep Elf Hunter on June 23, 2023.
             Slain by a water moccasin (6 damage)
             ... on level 5 of the Dungeon.
             The game lasted 00:01:35 (3328 turns).

qw the Skirmisher (Deep Elf Hunter)                 Turns: 3328, Time: 00:01:35

Health: -1/40      AC: 12    Str: 10    XL:     7   Next: 66%
Magic:  0/9        EV: 10    Int: 14    God:
Gold:   277        SH:  0    Dex: 13    Spells: 6/6 levels left

rFire   + . .        Y - +0 shortbow
rCold   + . .        (shield currently unavailable)
rNeg    + . .        g - +2 ring mail {rPois}
rPois   +            d - +0 helmet
rElec   .            (no cloak)
rCorr   .            (no gloves)
SInv    .            (no boots)
Will    .....        i - amulet of guardian spirit
Stlth   +            f - ring "Maijem" {rF+ rC+ rN+ Dex-5 Slay+3}
HPRegen 0.26/turn    j - +4 ring of protection
MPRegen 0.11/turn

%: guardian spirit
@: about to teleport
A: no striking features
a: no special abilities


You were on level 5 of the Dungeon.
You visited 1 branch of the dungeon, and saw 6 of its levels.

You collected 277 gold pieces.


   Skills:
 - Level 2.1 Fighting
 + Level 11.7 Ranged Weapons
 - Level 1.8 Armour
 - Level 2.4 Dodging
 - Level 1.2 Stealth


You had 6 spell levels left.
You didn't know any spells.
Your spell library was empty.

Inventory:

Hand Weapons
 Y - a +0 shortbow (weapon)
Armour
 d - a +0 helmet (worn)
 g - a +2 ring mail of poison resistance (worn)
Jewellery
 f - the ring "Maijem" (left hand) {rF+ rC+ rN+ Dex-5 Slay+3}
   (You found it on level 2 of the Dungeon)

   [ring of protection from fire]

   Dex:       It affects your dexterity (-5).
   Slay:      It affects your accuracy & damage with ranged weapons and melee
   (+3).
   rF:        It protects you from fire.
   rC:        It protects you from cold.
   rN:        It protects you from negative energy.
 h - a +6 ring of strength
 i - an amulet of guardian spirit (around neck)
 j - a +4 ring of protection (right hand)
Scrolls
 a - 2 scrolls of identify
 b - a scroll of noise {unknown}
 l - 3 scrolls of teleportation
Potions
 c - a potion of resistance
 e - 2 potions of curing
 m - a potion of magic {unknown}

Dungeon Overview and Level Annotations

Branches:
Dungeon (6/15)
 Temple: D:4-7

Altars:


Message History

The adder closely misses you.
The centaur unwields a +0 orcbow.
The centaur hits you but does no damage.
The centaur kicks you.
You shoot an arrow. The arrow hits the phantom.
The phantom is almost destroyed.
The adder bites you but does no damage. The phantom closely misses you.
The centaur hits you. The centaur kicks you.
You shoot an arrow. The arrow closely misses the phantom.
The adder bites you but does no damage.
The centaur hits you but does no damage.
The centaur barely misses you. The phantom hits you.
The adder bites you but does no damage. The centaur closely misses you.
The centaur kicks you but does no damage.
You shoot an arrow. The arrow barely misses the phantom.
The phantom hits you but does no damage.
The centaur barely misses you.
The centaur kicks you but does no damage.
The adder closely misses you.
You shoot an arrow. The arrow misses the phantom.
Your surroundings suddenly seem different.
Found a potion of attraction.
Enter note:
Enter note:
Enter note:
Enter note: You start resting.
A water moccasin comes into view.
You shoot an arrow.
The arrow closely misses the water moccasin.
The water moccasin hisses angrily.
You hear a shout!
3327 ||| READING 4 scrolls of teleportation.
As you read the scroll of teleportation, it crumbles to dust.
You feel strangely unstable.
The water moccasin bites you but does no damage.
You shoot an arrow.
The arrow closely misses the water moccasin.
You hear a shout!
The water moccasin bites you!
You die...

.# ... . ...
.### ..
..#.. ..#!
##.. ...#
#.S# ....
#@# .....
#....# .....
###...#
......
.#....
...... # ...
...... ..
.##.. ..
#..## #.....
##.. ##...#
#...##
##...##....#
......


You could see a water moccasin.

Vanquished Creatures
  A water moccasin (D:4)
  An ice beast (D:5)
  An ogre (D:4)
  A phantom (D:5)
  A scorpion (D:4)
  2 orc priests (D:4)
  2 hounds
  3 orc wizards
  8 gnolls
  4 adders
  An ufetubus (D:4)
  A worm (D:4)
  A dart slug (D:2)
  15 orcs
  12 endoplasms
  2 giant cockroaches
  3 goblins
  3 hobgoblins (D:2)
  3 jackals (D:1)
  3 quokkas
  7 ball pythons
  5 bats
  3 frilled lizards
  8 kobolds
  5 rats
96 creatures vanquished.

Vanquished Creatures (others)
  An orc wizard (D:5)
1 creature vanquished.

Grand Total: 97 creatures vanquished

Notes
Turn   | Place    | Note
-------+----------+-------------------------------------------
     0 | D:1      | qw the Deep Elf Hunter began the quest for the Orb.
     0 | D:1      | Reached XP level 1. HP: 12/12 MP: 3/3
     0 | D:1      | 0 ||| qw: Version: 0.3-a-9-g12657ce
     0 | D:1      | 0 ||| qw: Game counter: 3178
     0 | D:1      | 0 ||| qw: Always use a shield: true
     0 | D:1      | 0 ||| qw: God list: Okawaru
     0 | D:1      | 0 ||| qw: Allow faded altars: false
     0 | D:1      | 0 ||| qw: Do Orc after D:15 true
     0 | D:1      | 0 ||| qw: Do second Lair branch before Depths: true
     0 | D:1      | 0 ||| qw: Lair rune preference: random
     0 | D:1      | 0 ||| qw: Plans: Normal
     0 | D:1      | 0 ||| PLANNING D:1-11
   106 | D:1      | Reached XP level 2. HP: 16/16 MP: 4/4
   119 | D:1      | Reached skill level 6 in Ranged Weapons
   572 | D:1      | Reached XP level 3. HP: 20/20 MP: 5/5
   924 | D:1      | 924 ||| UPGRADING to +0 helmet.
   929 | D:1      | 929 ||| UPGRADING to +0 scale mail.
   939 | D:1      | 939 ||| DROPPING +0 leather armour.
   940 | D:1      | 940 ||| READING scroll labelled ZEM BIAFOUWYS.
   941 | D:1      | 941 ||| READING 2 scrolls labelled OGHECA NY ZOZOMUS.
   945 | D:1      | 945 ||| READING scroll labelled KON CUSYDUGA.
   946 | D:1      | 946 ||| READING scroll labelled OZUSCH QUGEJEWK.
   947 | D:1      | 947 ||| DROPPING scroll of butterflies.
  1081 | D:2      | 1081 ||| FLEEEEING.
  1096 | D:2      | Reached skill level 7 in Ranged Weapons
  1188 | D:2      | Identified the ring "Maijem" {rF+ rC+ rN+ Dex-5 Slay+3}
  1213 | D:2      | HP: 4/20 [frozen (5)]
  1214 | D:2      | 1214 ||| READING scroll of teleportation.
  1678 | D:2      | Reached XP level 4. HP: 24/25 MP: 6/6
  1781 | D:2      | 1781 ||| UPGRADING to +0 ring mail.
  1791 | D:2      | 1791 ||| DROPPING +0 scale mail.
  1792 | D:2      | 1792 ||| UPGRADING to amulet of guardian spirit.
  1797 | D:2      | 1797 ||| DROPPING +6 ring of intelligence.
  1798 | D:2      | 1798 ||| UPGRADING to ring "Maijem" {rF+ rC+ rN+ Dex-5
                  | Slay+3}.
  1799 | D:2      | 1799 ||| READING scroll labelled POFANO REFEQEW.
  1900 | D:2      | 1900 ||| DRINKING 2 orange potions.
  1901 | D:2      | 1901 ||| DRINKING 2 clear potions.
  2006 | D:2      | 2006 ||| DRINKING 2 green potions.
  2007 | D:2      | 2007 ||| DROPPING potion of berserk rage.
  2008 | D:2      | 2008 ||| DROPPING potion of attraction.
  2029 | D:3      | You fall into a shaft and drop 3 floors!
  2056 | D:6      | 2056 ||| READING scroll labelled DAC RECRILLE.
  2065 | D:5      | Entered Level 5 of the Dungeon
  2067 | D:5      | 2067 ||| FLEEEEING.
  2068 | D:5      | 2068 ||| FLEEEEING.
  2074 | D:5      | Reached skill level 8 in Ranged Weapons
  2074 | D:5      | Noticed a phantom
  2075 | D:5      | 2075 ||| FLEEEEING.
  2076 | D:5      | 2076 ||| FLEEEEING.
  2077 | D:5      | 2077 ||| FLEEEEING.
  2078 | D:5      | 2078 ||| STAIRDANCE
  2142 | D:4      | Reached XP level 5. HP: 29/29 MP: 7/7
  2208 | D:4      | 2208 ||| READING 2 scrolls of identify.
  2208 | D:4      | 2208 ||| IDENTIFYING grey potion
  2209 | D:4      | 2209 ||| DROPPING potion of brilliance.
  2316 | D:3      | Found a faded altar of an unknown god.
  2441 | D:3      | 2441 ||| FLEEEEING.
  2442 | D:3      | 2442 ||| FLEEEEING.
  2443 | D:3      | 2443 ||| FLEEEEING.
  2444 | D:3      | 2444 ||| FLEEEEING.
  2445 | D:3      | 2445 ||| FLEEEEING.
  2446 | D:3      | 2446 ||| FLEEEEING.
  2447 | D:3      | 2447 ||| STAIRDANCE
  2466 | D:2      | 2466 ||| DROPPING +0 leather armour of cold resistance.
  2467 | D:2      | 2467 ||| UPGRADING to +2 ring mail of poison resistance.
  2477 | D:2      | 2477 ||| DROPPING +0 ring mail.
  2478 | D:2      | 2478 ||| DROPPING amulet of magic regeneration.
  2479 | D:2      | 2479 ||| UPGRADING to +4 ring of protection.
  2484 | D:3      | 2484 ||| STAIRDANCE
  2490 | D:2      | Reached skill level 9 in Ranged Weapons
  2500 | D:3      | 2500 ||| STAIRDANCE
  2517 | D:3      | 2517 ||| STAIRDANCE
  2705 | D:3      | 2705 ||| READING scroll labelled REAGUEGGIO.
  2722 | D:4      | Reached XP level 6. HP: 35/35 MP: 8/8
  2729 | D:4      | 2729 ||| STAIRDANCE
  2923 | D:4      | Reached skill level 10 in Ranged Weapons
  3124 | D:4      | 3124 ||| READING scroll labelled HOPRYZ AJUWKEF.
  3125 | D:4      | 3125 ||| READING 2 scrolls of identify.
  3125 | D:4      | 3125 ||| IDENTIFYING amethyst potion
  3152 | D:5      | Noticed a water moccasin
  3161 | D:5      | 3161 ||| STAIRDANCE
  3170 | D:4      | Killed a water moccasin
  3171 | D:4      | Reached skill level 1 in Armour
  3171 | D:4      | Reached XP level 7. HP: 31/40 MP: 7/9
  3238 | D:5      | Reached skill level 11 in Ranged Weapons
  3292 | D:5      | 3292 ||| DRINKING 3 potions of curing.
  3292 | D:5      | 3292 ||| (to cure confusion)
  3317 | D:5      | HP: 8/40 [phantom (4)]
  3318 | D:5      | 3318 ||| READING 5 scrolls of teleportation.
  3321 | D:5      | HP: 3/40 [phantom (3)]
  3327 | D:5      | 3327 ||| READING 4 scrolls of teleportation.
  3328 | D:5      | Slain by a water moccasin

Levels and vault maps discovered:
D:1:      evilmike_arrival_plus, layout_loops_cross, serial_forest,
          infiniplex_forest_corner_1, infiniplex_forest_clump_double,
          infiniplex_forest_end_2, infiniplex_forest_end_2,
          infiniplex_forest_lined_room_3, infiniplex_forest_lined_3,
          infiniplex_forest_clump_large, infiniplex_forest_straight_3
D:2:      layout_basic
D:3:      layout_rooms, shapermc_ecumenical_altar_rom_forum
D:4:      layout_cave_pools
D:5:      layout_cave_pools, temple_statues, minmay_manual_mess, uniq_pikel
D:6:      layout_gridville, kennysheep_little_box

Skill      XL: |  1  2  3  4  5  6  7 |
---------------+----------------------+-----
Ranged Weapons | 6 7 8 9 10 11 | 11.7
Fighting       | 2 |  2.1
Armour         | 1 |  1.8
Dodging        | |  2.4
Stealth        | |  1.2

Action                     |  1- 3 |  4- 6 |  7- 9 || total
---------------------------+-------+-------+-------++-------
   Fire: Shortbow          |    93 |   171 |    55 ||   319
    Use: Scroll            |     5 |     6 |     2 ||    13
         Potion            |       |     3 |     1 ||     4
 Armour: Leather armour    |     2 |       |       ||     2
         Scale mail        |     7 |       |       ||     7
         Ring mail         |       |    46 |    45 ||    91
  Dodge: Dodged            |    13 |    65 |    23 ||   101

Table legend:
 A = Non-vault XP
 B = Vault XP
 C = Vault XP percentage of total XP
 D = Non-vault monster count
 E = Vault monster count
 F = Vault count percentage of total count
                 A         B        C        D         E       F
            +---------+---------+-------+---------+---------+-------
      Total |    1062 |     132 |  11.1 |      96 |       1 |   1.0
            +---------+---------+-------+---------+---------+-------
        D:1 |      44 |       0 |   0.0 |      19 |       0 |   0.0
        D:2 |      98 |       0 |   0.0 |      24 |       0 |   0.0
        D:3 |     115 |       0 |   0.0 |      26 |       0 |   0.0
        D:4 |     556 |       0 |   0.0 |      18 |       0 |   0.0
        D:5 |     243 |     132 |  35.2 |       7 |       1 |  12.5
        D:6 |       6 |       0 |   0.0 |       2 |       0 |   0.0
            +---------+---------+-------+---------+---------+-------
